 Dungeon Crawl Stone Soup version 0.30-b1-2-g02819fbbbe (webtiles) character file.

Game seed: 7342300205904427283

9 Alarkh the Trooper (level 2, 24/24 HPs)
             Began as a Demonspawn Chaos Knight on May 20, 2023.
             Was a Plaything of Xom.
             Got out of the dungeon alive.
             The game lasted 00:00:51 (422 turns).

Alarkh the Trooper (Demonspawn Chaos Knight)         Turns: 422, Time: 00:00:52

Health: 24/24      AC:  5    Str: 12    XL:     2   Next: 3%
Magic:  2/2        EV: 11    Int: 13    God:    Xom [..*...]
Gold:   3          SH:  4    Dex: 12    Spells: 1/1 levels left

rFire   . . .        a - +0 mace (chaos)
rCold   + . .        (no shield)
rNeg    . . .        b - +2 leather armour
rPois   .            (no helmet)
rElec   .            (no cloak)
rCorr   .            (no gloves)
SInv    .            (no boots)
Will    .....        (no amulet)
Stlth   ++           (no ring)
HPRegen 0.24/turn    (no ring)
MPRegen 0.08/turn

%: clarity
@: no status effects
A: large bone plates 1, camouflage 1, clarity, cold resistance 1, sturdy frame 1
a: Renounce Religion


You escaped.
You worshipped Xom.
You were a toy of Xom.
You visited 1 branch of the dungeon, and saw 1 of its levels.

You collected 3 gold pieces.

Inventory:

Hand Weapons
 a - a +0 mace of chaos (weapon)
Armour
 b - a +2 leather armour (worn)
Jewellery
 d - a ring of ice
Potions
 e - a potion of heal wounds {unknown}
Miscellaneous
 c - a piece from Xom's chessboard (15/15) (quivered)


   Skills:
 + Level 3.2 Fighting
 * Level 3.1 Maces & Flails
 - Level 1.7 Armour
 - Level 0.8 Dodging


You had one spell level left.
You didn't know any spells.
Your spell library was empty.

Dungeon Overview and Level Annotations

Branches:
Dungeon (1/15)

Altars:


Innate Abilities, Weirdness & Mutations

You are partially covered in large bone plates. (SH +4)
Your skin changes colour to match your surroundings (Stealth+).
You possess an exceptional clarity of mind.
Your flesh is cold resistant. (rC+)
Your movements are slightly less encumbered by armour. (ER -2)


Message History

The quokka is heavily wounded.
The quokka misses you.
You hit the quokka.
You kill the quokka!
No target in view!
No target in view!
No target in view!
No target in view!
No target in view!
No target in view!
No target in view!
No target in view!
No target in view!
Found a stone staircase leading down.
An endoplasm comes into view.
An endoplasm is nearby!
An endoplasm is nearby!
Found a pair of boots.
Found a scroll labelled VUTEX SAJUY.
You hit the endoplasm.
The endoplasm is moderately wounded.
The endoplasm closely misses you. x2
You thump the endoplasm!
You kill the endoplasm!
You have reached level 2!
Your demonic ancestry asserts itself...
Large bone plates grow over parts of your arms.
There is an open door here.
You hear Xom's maniacal cackling.
Your body is suffused with distortional energy.
Your thoughts seem clearer.
Your skin functions as natural camouflage.
You feel resistant to cold.
You feel less encumbered by your armour.
You are now a toy of Xom.
Unknown command.
There is a dry fountain, spattered with blood here.
There is a staircase leading out of the dungeon here.
Are you sure you want to leave the Dungeon?
This will make you lose the game!
You have escaped!

..######...~~...##
...........~~..#.#
#.######......##.##
#.##......#######.#
#..'......######.##
#####......#⌠...⌠##
#..........#..>..# .
#.##.......#.....#
..#..........#..@..#
........#.#..#⌠...⌠#
........#.#..#######
........#.#..#..
..#.....#.#..#.######
..#.#.÷......#.##...# #..
. #..#..#.#..#.##...# #.#
# #.....#.#..#.##...#
#.#.#
#.......#.........#####.#.


There were no monsters in sight!

Vanquished Creatures
  A ball python (D:1)
  2 endoplasms (D:1)
  A hobgoblin (D:1)
  A quokka (D:1)
  A frilled lizard (D:1)
  2 rats (D:1)
8 creatures vanquished.

Notes
Turn   | Place    | Note
-------+----------+-------------------------------------------
     0 | D:1      | Alarkh the Demonspawn Chaos Knight began the quest for the
                  | Orb.
     0 | D:1      | Reached XP level 1. HP: 18/18 MP: 1/1
    85 | D:1      | XOM: silly message
   296 | D:1      | Gained mutation: You are partially covered in large bone
                  | plates. (SH +4) [demonic ancestry]
   296 | D:1      | Reached XP level 2. HP: 24/24 MP: 2/2
   369 | D:1      | XOM: give mutations
   369 | D:1      | Gained mutation: You possess an exceptional clarity of
                  | mind. [Xom's grace]
   369 | D:1      | Gained mutation: Your skin changes colour to match your
                  | surroundings (Stealth+). [Xom's grace]
   369 | D:1      | Gained mutation: Your flesh is cold resistant. (rC+) [Xom's
                  | grace]
   369 | D:1      | Gained mutation: Your movements are slightly less
                  | encumbered by armour. (ER -2) [Xom's grace]
   422 | D:$      | Got out of the dungeon alive.

Illustrated notes

Levels and vault maps discovered:
D:1:      amcnicky_arrival_gap_in_the_tavern_cellar, layout_basic,
          chequers_serial_rivers_micro_e

Skill      XL: |  1 |
---------------+----+-----
Maces & Flails | 3 |  3.1
Fighting       | |  3.2
Armour         | |  1.7
Dodging        | |  0.8

Action                     || total
---------------------------++-------
  Melee: Mace              ||    22
 Armour: Leather armour    ||     9
  Dodge: Dodged            ||    12
